 Dungeon Crawl Stone Soup version 0.27-a0-1139-g28e009f8a6 (webtiles) character file.

Game seed: 2164564226332665678

84 Snikeer the Magician (level 4, -8/21 HPs)
             Began as a Spriggan Venom Mage on May 7, 2021.
             Mangled by Crazy Yiuf
             ... wielding a +4 quarterstaff of chaos
              (20 damage)
             ... on level 2 of the Dungeon.
             The game lasted 00:04:40 (2725 turns).

Snikeer the Magician (Spriggan Venom Mage)          Turns: 2725, Time: 00:04:41

Health: -8/21      AC:  2    Str:  4    XL:     4   Next: 24%
Magic:  6/11       EV: 17    Int: 17    God:
Gold:   84         SH:  0    Dex: 15    Spells: 10/11 levels left

rFire    . . .     SeeInvis +   d - +0 dagger
rCold    . . .     Faith    .   (shield restricted)
rNeg     . . .     Spirit   .   a - +0 robe
rPois    .         Reflect  .   (helmet restricted)
rElec    .         Harm     .   (no cloak)
rCorr    .         Rampage  .   (gloves unavailable)
Will     .....                  (boots unavailable)
Stlth    ++........             (no amulet)
HPRegen  0.07/turn              (no ring)
MPRegen  0.12/turn              (no ring)

@: very quick
A: very small, no large weapons, unfitting armour, see invisible, speed 3
a: no special abilities


You were on level 2 of the Dungeon.
You visited 1 branch of the dungeon, and saw 2 of its levels.

You collected 84 gold pieces.

Inventory:

Hand Weapons
 d - a +0 dagger (weapon)
   (You took it off a goblin on level 1 of the Dungeon)
Missiles
 h - 21 sling bullets
 s - 42 stones (quivered)
Armour
 a - a +0 robe (worn)
Jewellery
 g - a ring of magical power {MP+9}
   (You found it on level 1 of the Dungeon)
Scrolls
 c - a scroll of amnesia {unknown}
 f - 3 scrolls of identify {unknown}
 i - a scroll of brand weapon {unknown}
 j - a scroll of immolation {unknown}
Potions
 b - a potion of curing {unknown}
 e - a potion of haste {unknown}


   Skills:
 - Level 2.6 Dodging
 - Level 3.0 Stealth
 + Level 4.4 Spellcasting
 - Level 1.3 Transmutations
 + Level 4.2 Poison Magic


You had 10 spell levels left.
You knew the following spells:

 Your Spells              Type           Power      Damage    Failure   Level
a - Sting                 Tmut/Pois      52%        1d5       4%          1

Your spell library contained the following spells:

 Spells                   Type           Power      Damage    Failure   Level
 Poisonous Vapours        Pois/Air       20%        N/A       10%         2
 Corona                   Hex            3%         N/A       16%         1
 Ensorcelled Hibernation  Hex/Ice        6%         N/A       22%         2
 Ignite Poison            Fire/Tmut/Pois 10%        N/A       22%         3
 Mephitic Cloud           Conj/Pois/Air  8%         N/A       26%         3
 Olgreb's Toxic Radiance  Pois           18%        N/A       26%         4
 Confusing Touch          Hex            3%         N/A       41%         3
 Dazzling Flash           Conj/Hex       6%         N/A       41%         3
 Tukima's Dance           Hex            3%         N/A       41%         3


Dungeon Overview and Level Annotations

Branches:
Dungeon (2/15)

Altars:

Annotations:
D:2 Crazy Yiuf


Innate Abilities, Weirdness & Mutations

You are very small and have problems with some larger weapons.
You are too small for most types of armour.
You have supernaturally acute eyesight. (SInv)
You cover ground extremely quickly. (Speed+++)


Message History

Press: ? - help, Shift-Dir - straight line, f - giant cockroach
Aim: a giant cockroach (asleep, 100% to hit)
The sting hits the giant cockroach.
The giant cockroach is poisoned.
The giant cockroach closely misses you.
You now have 10/11 mp.
You hit the giant cockroach but do no damage.
No target in view!
No target in view!
No target in view!
No target in view!
You see here a giant cockroach corpse.
Found a stone staircase leading down.
MP restored: 11 You now have 84 gold pieces (gained 14).
Partly explored, can't reach some places.
Partly explored, can't reach some places.
Partly explored, can't reach some places.
Partly explored, can't reach some places.
You hit the fungus.
The fungus begins to die.
You hit the fungus. You hit the fungus. You hit the fungus but do no damage.
A nearby fungus withers and dies.
Hit: d) +0 dagger
Press: ? - help, Dir - move target
Okay, then.
Marking area around Crazy Yiuf as unsafe for travelling.
You open the door.
Casting: Sting (safe; 4% risk of failure)
Confirm with . or Enter, or press ? or * to list all spells.
You can't see any susceptible monsters within range! (Use Z to cast anyway.)
There is an open translucent door here.
Casting: Sting (safe; 4% risk of failure)
Confirm with . or Enter, or press ? or * to list all spells.
Aiming: Sting (safe; 4% risk of failure)
Press: ? - help, Shift-Dir - straight line, f - Crazy Yiuf
Aim: Crazy Yiuf, wielding a +4 quarterstaff of chaos and wearing a +1 cloak of stealth (asleep, 100% to hit)
The sting hits Crazy Yiuf.
Crazy Yiuf is poisoned.
Crazy Yiuf shouts!
Crazy Yiuf says, "Cards testudinal sow!"
You now have 10/11 mp.
Casting: Sting (safe; 4% risk of failure)
Confirm with . or Enter, or press ? or * to list all spells.
Aiming: Sting (safe; 4% risk of failure)
Press: ? - help, Shift-Dir - straight line, f/p - Crazy Yiuf
Aim: Crazy Yiuf, wielding a +4 quarterstaff of chaos and wearing a +1 cloak of stealth (lightly wounded, poisoned, 75% to hit)
The sting hits Crazy Yiuf but does no damage.
Crazy Yiuf looks even sicker.
You now have 9/11 mp.
Casting: Sting (safe; 4% risk of failure)
Confirm with . or Enter, or press ? or * to list all spells.
Aiming: Sting (safe; 4% risk of failure)
Press: ? - help, Shift-Dir - straight line, f/p - Crazy Yiuf
Aim: Crazy Yiuf, wielding a +4 quarterstaff of chaos and wearing a +1 cloak of stealth (lightly wounded, very poisoned, 75% to hit)
You miscast Sting.
You are very lightly contaminated with residual magic.
Nothing appears to happen.
You now have 8/11 mp.
Casting: Sting (safe; 4% risk of failure)
Confirm with . or Enter, or press ? or * to list all spells.
Aiming: Sting (safe; 4% risk of failure)
Press: ? - help, Shift-Dir - straight line, f/p - Crazy Yiuf
Aim: Crazy Yiuf, wielding a +4 quarterstaff of chaos and wearing a +1 cloak of stealth (moderately wounded, poisoned, 75% to hit)
Your line of fire to Crazy Yiuf is blocked by a fungus.
Continue anyway? [Y]es or [N]o only, please.
Your line of fire to Crazy Yiuf is blocked by a fungus.
Continue anyway? [Y]es or [N]o only, please.
Your line of fire to Crazy Yiuf is blocked by a fungus.
Continue anyway? [Y]es or [N]o only, please.
Your line of fire to Crazy Yiuf is blocked by a fungus.
Continue anyway?
Okay, then.
Crazy Yiuf whimpers, "Pitchfork!
Flower ragdoll head."
Sorry, you're not good enough to have a special ability.
Casting: Sting (safe; 4% risk of failure)
Confirm with . or Enter, or press ? or * to list all spells.
You can't see any susceptible monsters within range! (Use Z to cast anyway.)
Casting: Sting (safe; 4% risk of failure)
Confirm with . or Enter, or press ? or * to list all spells.
Aiming: Sting (safe; 4% risk of failure)
Press: ? - help, Shift-Dir - straight line, f/p - Crazy Yiuf
Aim: Crazy Yiuf, wielding a +4 quarterstaff of chaos and wearing a +1 cloak of stealth (moderately wounded, poisoned, 75% to hit)
The sting hits Crazy Yiuf.
Crazy Yiuf looks even sicker.
Your magical contamination has completely faded away.
You now have 8/11 mp.
Casting: Sting (safe; 4% risk of failure)
Confirm with . or Enter, or press ? or * to list all spells.
Aiming: Sting (safe; 4% risk of failure)
Press: ? - help, Shift-Dir - straight line, f/p - Crazy Yiuf
Aim: Crazy Yiuf, wielding a +4 quarterstaff of chaos and wearing a +1 cloak of stealth (heavily wounded, very poisoned, 75% to hit)
The sting hits Crazy Yiuf.
Crazy Yiuf looks even sicker.
You now have 7/11 mp.
Casting: Sting (safe; 4% risk of failure)
Confirm with . or Enter, or press ? or * to list all spells.
Aiming: Sting (safe; 4% risk of failure)
Press: ? - help, Shift-Dir - straight line, f/p - Crazy Yiuf
Aim: Crazy Yiuf, wielding a +4 quarterstaff of chaos and wearing a +1 cloak of stealth (severely wounded, very poisoned, 75% to hit)
The sting hits Crazy Yiuf.
Crazy Yiuf looks as sick as possible!
Crazy Yiuf hits you with a +4 quarterstaff of chaos!
You are electrocuted!!
Ouch! That really hurt!
You die...

###.....##.#### #....# #....#
.##.#...#.....# ###.##.# #.##.#
........#.....###...##.###....#
..#.#...#.....##........#######
........#...............#
.#......#....###........#
........#....###........#
........#.....##........#
.....######...#.@.......#
......# #....g........# .##...#
####..######### .####.####
#....# .# #....# #.PPP# ##
###### #.P### ##.# #.## ##g#


You could see Crazy Yiuf (extremely poisoned).

Vanquished Creatures
  3 adders (D:2)
  A worm (D:2)
  6 ball pythons
  2 bats (D:2)
  5 endoplasms
  3 giant cockroaches (D:2)
  9 goblins
  6 hobgoblins
  3 jackals (D:1)
  A kobold (D:2)
  2 quokkas
  3 frilled lizards
  4 rats
48 creatures vanquished.

Vanquished Creatures (others)
  A fungus (D:2)
1 creature vanquished.

Grand Total: 49 creatures vanquished

Notes
Turn   | Place    | Note
-------+----------+-------------------------------------------
     0 | D:1      | Snikeer the Spriggan Venom Mage began the quest for the
                  | Orb.
     0 | D:1      | Reached XP level 1. HP: 9/9 MP: 5/5
   226 | D:1      | Reached skill level 3 in Spellcasting
   239 | D:1      | Reached XP level 2. HP: 13/13 MP: 0/7
   511 | D:1      | HP: 1/13 [frozen (3)]
  1143 | D:1      | Reached XP level 3. HP: 8/16 MP: 0/9
  1854 | D:2      | Reached skill level 4 in Spellcasting
  1964 | D:2      | Reached skill level 4 in Poison Magic
  2175 | D:2      | Reached XP level 4. HP: 20/21 MP: 8/11
  2702 | D:2      | Found a runed translucent door.
  2703 | D:2      | Noticed Crazy Yiuf
  2725 | D:2      | Mangled by Crazy Yiuf

Illustrated notes

Levels and vault maps discovered:
D:1:      erik_arrival_triangle_medium, layout_basic
D:2:      layout_basic, uniq_crazy_yiuf_cottage

Skill      XL: |  1  2  3 |
---------------+----------+-----
Spellcasting   | 3 4 |  4.4
Poison Magic   | 4 |  4.2
Dodging        | |  2.6
Stealth        | |  3.0
Transmutations | |  1.3

Action                   |  1- 3 |  4- 6 || total
-------------------------+-------+-------++-------
Melee: Dagger            |    56 |    13 ||    69
 Cast: Sting             |    64 |    15 ||    79
 Stab: Sleeping          |     3 |       ||     3
Armor: Robe              |     6 |     1 ||     7
Dodge: Dodged            |    57 |    10 ||    67

Table legend: (Time is in decaauts)
 A = Elapsed time spent in this place.
 B = Non-inter-level travel time spent in this place.
 C = Inter-level travel time spent in this place.
 D = Time resting spent in this place.
 E = Time spent auto-exploring this place.
 F = Levels seen in this place.
 G = Mean time per level.
                   A        B        C        D        E       F      G
               +--------+--------+--------+--------+--------+-----+--------+
         Total |   2166 |   2078 |     88 |      0 |   1733 |   2 | 1083.0 |
       Dungeon |   2166 |   2078 |     88 |      0 |   1733 |   2 | 1083.0 |
               +--------+--------+--------+--------+--------+-----+--------+

Top non-repeatable levels by time:
     D:1: 1263 daAuts
     D:2: 903 daAuts

Table legend:
 A = Kills in this place as a percentage of kills in entire the game.
 B = Kills by you in this place as a percentage of kills by you in the entire game.
 C = Kills by friends in this place as a percentage of kills by friends in the entire game.
 D = Other kills in this place as a percentage of other kills in the entire game.
 E = Experience gained in this place as a percentage of experience gained in the entire game.
 F = Experience gained in this place divided by the number of levels of this place that you have seen.
                   A       B       C       D       E      F
               +-------+-------+-------+-------+-------+----------------------
         Total | 100.0 | 100.0 |   N/A |   N/A | 100.0 |  60.5
       Dungeon | 100.0 | 100.0 |   N/A |   N/A | 100.0 |  60.5
               +-------+-------+-------+-------+-------+----------------------
